 Dungeon Crawl Stone Soup version 0.26-b1-32-g5d43845318 (webtiles) character file.

Game seed: 18147718455447737560

87 Borgoz the Slasher (level 4, -5/38 HPs)
             Began as a Hill Orc Gladiator on Jan 10, 2021.
             Killed by divine providence
             ... invoked by an orc priest
              (15 damage)
             ... on level 3 of the Dungeon.
             The game lasted 00:01:59 (2507 turns).

Borgoz the Slasher (Hill Orc Gladiator)             Turns: 2507, Time: 00:02:00

Health: -5/38      AC:  7    Str: 16    XL:     4   Next: 51%
Magic:  4/4        EV: 12    Int:  8    God:
Gold:   143        SH:  0    Dex: 13    Spells: 3/3 levels left

rFire    . . .     SeeInvis .   a - +0 long sword
rCold    . . .     Faith    .   (no shield)
rNeg     . . .     Spirit   .   f - +0 ring mail
rPois    .         Reflect  .   c - +0 helmet
rElec    .         Harm     .   (no cloak)
rCorr    .         Rampage  .   (no gloves)
Will     .....                  e - +0 pair of boots
Stlth    ++........             (no amulet)
HPRegen  0.12/turn              q - ring of stealth
MPRegen  0.09/turn              (no ring)

@: no status effects
A: no striking features
a: Convert to Beogh


You were on level 3 of the Dungeon.
You visited 1 branch of the dungeon, and saw 3 of its levels.

You collected 143 gold pieces.

Inventory:

Hand Weapons
 a - a +0 long sword (weapon)
Missiles
 d - 3 throwing nets (quivered)
Armour
 c - a +0 helmet (worn)
 e - a +0 pair of boots (worn)
 f - a +0 ring mail (worn)
Jewellery
 q - a ring of stealth (left hand)
Scrolls
 g - a scroll of fear {unknown}
 i - a scroll of enchant weapon {unknown}
 m - 3 scrolls of remove curse {unknown}
 n - a scroll of enchant armour {unknown}
 o - 3 scrolls of identify {unknown}
 r - a scroll of amnesia {unknown}
Potions
 b - 2 potions of heal wounds {unknown}
 h - 2 potions of magic {unknown}
 j - 2 potions of flight {unknown}
 k - a potion of curing
 l - a potion of attraction {unknown}
 p - 2 potions of brilliance {unknown}
 s - a potion of might {unknown}


   Skills:
 + Level 3.1 Fighting
 * Level 4.2 Long Blades
 - Level 1.7 Throwing
 + Level 1.5 Armour
 * Level 3.1 Dodging


You had 3 spell levels left.
You didn't know any spells.
Your spell library was empty.

Dungeon Overview and Level Annotations

Branches:
Dungeon (3/15)

Altars:
Fedhas
Qazlal


Message History

The orc priest shouts, "Join the one true god or die!"
The orc priest is heavily wounded.
The orc priest shouts, "Beogh is our master!
Accept the truth or die!"
The orc priest mumbles some strange prayers to Beogh against you.
Beogh smites you!
The orc priest hits you but does no damage.
You hit the orc priest.
The orc priest is almost dead.
The orc priest mumbles some strange prayers to Beogh against you.
You barely resist. You barely miss the orc priest.
The orc priest is almost dead.
The orc priest hits you with a +0 dagger.
* * * LOW HITPOINT WARNING * * *
You closely miss the orc priest.
The orc priest is almost dead.
The orc priest shouts, "Surrender to Beogh and we'll let you live!"
The orc priest mumbles some strange prayers to Beogh against you.
Beogh smites you!
You die...

...#..#### ..##..# ...
... [.....# .. ..
.)....# ..... #.#####
.. . ...# ## ..#. ...#
#.#.#o# ...# #...#o#
...# #..##@#
...##########...##
......รท....##.#####.>.
...........##.........
...........##.#####...
...#..........#
...#.......#...#
...#.......#.#.#
...#.......#...#


You could see an orc priest and an orc.

Vanquished Creatures
  2 adders (D:3)
  An adder skeleton (D:2)
  A worm (D:3)
  3 dart slugs
  3 orcs (D:3)
  2 ball pythons (D:2)
  2 giant cockroaches
  2 goblins
  5 hobgoblins
  7 jackals (D:1)
  9 kobolds
  8 bats
  2 frilled lizards
  4 rats
51 creatures vanquished.

Notes
Turn   | Place    | Note
-------+----------+-------------------------------------------
     0 | D:1      | Borgoz the Hill Orc Gladiator began the quest for the Orb.
     0 | D:1      | Reached XP level 1. HP: 18/18 MP: 1/1
    26 | D:1      | Reached XP level 2. HP: 12/25 MP: 2/2
   529 | D:1      | Reached XP level 3. HP: 20/30 MP: 3/3
   530 | D:1      | Reached skill level 1 in Armour
  1291 | D:2      | You fall into a shaft and drop 1 floor!
  1302 | D:3      | Reached skill level 4 in Long Blades
  1702 | D:2      | Found a stormy altar of Qazlal.
  1702 | D:2      | Found a blossoming altar of Fedhas.
  1706 | D:2      | Reached XP level 4. HP: 38/38 MP: 4/4
  2507 | D:3      | Killed from afar by an orc priest

Illustrated notes

Levels and vault maps discovered:
D:1:      erik_arrival_triangle_small, layout_basic
D:2:      minmay_kobold_bridge, layout_loops_corners,
          grunt_temple_overflow_forces_of_nature, minmay_tetromino_l4
D:3:      layout_loops_cross, guppyfry_early_lair_pool

Skill      XL: |  1  2  3 |
---------------+----------+-----
Armour         | 1 |  1.5
Long Blades    | 4 |  4.2
Fighting       | 3 |  3.1
Dodging        | 3 |  3.1
Throwing       | |  1.7

Action                   |  1- 3 |  4- 6 || total
-------------------------+-------+-------++-------
Melee: Long sword        |   128 |    55 ||   183
  Use: Potion            |       |     1 ||     1
 Stab: Sleeping          |       |     1 ||     1
Armor: Leather armour    |    33 |       ||    33
       Ring mail         |    45 |    22 ||    67
Dodge: Dodged            |   130 |    34 ||   164
       Rpst.: Long sword |    34 |     8 ||    42
